TOP OF THE 1ST |
Florida State Seminoles batting - Pitching for Oregon Ducks : LHP Billy McBride
|
Pitching: LHP Billy McBride
|
|
Batting: RHB Derek Riley
|
0-0: Ball 1-0: Ball 2-0: DOUBLE (Line Drive, 89XD, EV 100.0 MPH)
|
Batting: LHB Lamar Wilson
|
0-0: SINGLE (Groundball, 34D, EV 100.0 MPH) Derek Riley to third
|
Batting: RHB Corvin Bartlett
|
0-0: Called Strike Lamar Wilson is caught stealing 2nd base 2-4 0-1: Ball 1-1: 2-RUN HOME RUN (Flyball, 7D, EV 97.5 MPH), Distance : 398 ft
|
Batting: RHB Andy Hahn
|
0-0: Ball 1-0: Foul Ball, location: 2F 1-1: Foul Ball, location: 2F 1-2: Ball 2-2: Foul Ball, location: 2F 2-2: Foul Ball, location: 2F 2-2: DOUBLE (Line Drive, 7LD, EV 104.4 MPH)
|
Batting: RHB Andy Charles
|
0-0: Ball 1-0: Ball 2-0: 2-RUN HOME RUN (Flyball, 78XD, EV 115.6 MPH), Distance : 429 ft
|
Batting: RHB Kyle Christie
|
0-0: Ground out 6-3 (Groundball, 6M, EV 81.9 MPH)
|
Batting: RHB Jaime Klutts
|
0-0: Called Strike 0-1: Foul Ball, location: 2F 0-2: Foul Ball, location: 2F 0-2: Fly out, F8 (Flyball, 8RXD, EV 102.5 MPH)
|
Top of the 1st over - 4 runs, 5 hits, 0 errors, 0 left on base; Florida State 4 - Oregon 0 |
BOTTOM OF THE 1ST |
Oregon Ducks batting - Pitching for Florida State Seminoles : RHP Chase Crawley
|
Pitching: RHP Chase Crawley
|
|
Batting: LHB Chase Chamberlain
|
0-0: Called Strike 0-1: Called Strike 0-2: Ball 1-2: Strikes out swinging
|
Batting: SHB Cameron Dow
|
0-0: Called Strike 0-1: Fly out, F7 (Line Drive, 7, EV 104.4 MPH)
|
Batting: RHB Cody Schummer
|
0-0: Ball 1-0: Called Strike 1-1: Foul Ball, location: 2F 1-2: Ball 2-2: Fly out, F8 (Line Drive, 8RM, EV 109.4 MPH)
|
Bottom of the 1st over - 0 runs, 0 hits, 0 errors, 0 left on base; Florida State 4 - Oregon 0 |
TOP OF THE 2ND |
Florida State Seminoles batting - Pitching for Oregon Ducks : LHP Billy McBride
|
Batting: LHB Cody Ward
|
0-0: Ground out U3 (Groundball, 3S, EV 81.9 MPH)
|
Batting: RHB Brody Scherer
|
0-0: Foul Ball, location: 2F 0-1: Foul Ball, location: 2F 0-2: Foul Ball, location: 2F 0-2: Ball 1-2: Strikes out looking
|
Batting: RHB Derek Riley
|
0-0: Ball 1-0: Foul Ball, location: 2F 1-1: Swinging Strike 1-2: Foul Ball, location: 2F 1-2: Ball 2-2: Ground out 6-3 (Groundball, 6, EV 103.8 MPH)
|
Top of the 2nd over - 0 runs, 0 hits, 0 errors, 0 left on base; Florida State 4 - Oregon 0 |
BOTTOM OF THE 2ND |
Oregon Ducks batting - Pitching for Florida State Seminoles : RHP Chase Crawley
|
Batting: LHB Wyatt DeFeo
|
0-0: Ball 1-0: Called Strike 1-1: Ball 2-1: Called Strike 2-2: Strikes out swinging
|
Batting: RHB Leon Banks
|
0-0: Fly out, F9 (Flyball, 9S, EV 89.4 MPH)
|
Batting: RHB Marcus Bruhn
|
0-0: Fly out, F4 (Popup, 34, EV 59.4 MPH)
|
Bottom of the 2nd over - 0 runs, 0 hits, 0 errors, 0 left on base; Florida State 4 - Oregon 0 |
TOP OF THE 3RD |
Florida State Seminoles batting - Pitching for Oregon Ducks : LHP Billy McBride
|
Batting: LHB Lamar Wilson
|
0-0: Ball 1-0: Ball 2-0: Ball 3-0: Called Strike 3-1: Base on Balls
|
Batting: RHB Corvin Bartlett
|
0-0: Ball Wild Pitch! Lamar Wilson to second 1-0: Foul Ball, location: 2F 1-1: Foul Ball, location: 2F 1-2: Foul Ball, location: 2F 1-2: Ball 2-2: Ball 3-2: SINGLE (Line Drive, 7LS, EV 91.9 MPH) Lamar Wilson to third
|
Batting: RHB Andy Hahn
|
0-0: Ball 1-0: Ball 2-0: Called Strike 2-1: Called Strike 2-2: Ball 3-2: SINGLE (Line Drive, 9S, EV 111.9 MPH) Lamar Wilson scores Corvin Bartlett to second
|
Pitching: RHP Jamarius Pepulim
|
|
Batting: RHB Andy Charles
|
0-0: Ball 1-0: Called Strike 1-1: Ball 2-1: Foul Ball, location: 2F 2-2: Ball 3-2: Base on Balls Corvin Bartlett to third Andy Hahn to second
|
Batting: RHB Kyle Christie
|
0-0: Ball 1-0: Foul Ball, location: 2F 1-1: Foul Ball, location: 2F 1-2: Fielders Choice at 2nd, 6-4 (Groundball, 56, EV 96.9 MPH) Corvin Bartlett scores Andy Hahn to third
|
Batting: RHB Jaime Klutts
|
0-0: Called Strike 0-1: Grounds into double play, 6-4-3 (Groundball, 6, EV 102.5 MPH)
|
Top of the 3rd over - 2 runs, 2 hits, 0 errors, 1 left on base; Florida State 6 - Oregon 0 |
BOTTOM OF THE 3RD |
Oregon Ducks batting - Pitching for Florida State Seminoles : RHP Chase Crawley
|
Batting: RHB Dave Richardson
|
0-0: Ground out 4-3 (Groundball, 4, EV 85.0 MPH)
|
Batting: RHB Davell Danton
|
0-0: Called Strike 0-1: Foul Ball, location: 2F 0-2: Strikes out swinging
|
Batting: RHB Brock Roberts
|
0-0: Ball 1-0: Called Strike 1-1: Ball 2-1: Ball 3-1: Called Strike 3-2: Ground out 6-3 (Groundball, 56, EV 88.1 MPH)
|
Bottom of the 3rd over - 0 runs, 0 hits, 0 errors, 0 left on base; Florida State 6 - Oregon 0 |
TOP OF THE 4TH |
Florida State Seminoles batting - Pitching for Oregon Ducks : RHP Jamarius Pepulim
|
Batting: LHB Cody Ward
|
0-0: SINGLE (Groundball, 5L, EV 97.5 MPH) (infield hit)
|
Batting: RHB Brody Scherer
|
0-0: Called Strike 0-1: Called Strike 0-2: Ball 1-2: Strikes out looking
|
Batting: RHB Derek Riley
|
0-0: Called Strike 0-1: Ball 1-1: Fielders Choice at 2nd, 6-4 (Groundball, 6M, EV 76.9 MPH)
|
Batting: LHB Lamar Wilson
|
0-0: Called Strike Derek Riley is caught stealing 2nd base 2-6
|
Top of the 4th over - 0 runs, 1 hit, 0 errors, 0 left on base; Florida State 6 - Oregon 0 |
BOTTOM OF THE 4TH |
Oregon Ducks batting - Pitching for Florida State Seminoles : RHP Chase Crawley
|
Batting: LHB Chase Chamberlain
|
0-0: Foul Ball, location: 2F 0-1: Swinging Strike 0-2: Ball 1-2: Strikes out swinging
|
Batting: SHB Cameron Dow
|
0-0: Called Strike 0-1: Ball 1-1: Called Strike 1-2: DOUBLE (Line Drive, 9LS, EV 105.0 MPH)
|
Batting: RHB Cody Schummer
|
0-0: SINGLE (Groundball, 56S, EV 71.9 MPH) (infield hit) Cameron Dow to third
|
Batting: LHB Wyatt DeFeo
|
0-0: Called Strike 0-1: Swinging Strike 0-2: Ball Passed Ball! Cameron Dow scores Cody Schummer to second 1-2: Ball 2-2: Foul Ball, location: 2F 2-2: Foul Ball, location: 2F 2-2: Strikes out looking
|
Batting: RHB Leon Banks
|
0-0: Ball 1-0: Fly out, F8 (Flyball, 8LD, EV 76.9 MPH)
|
Bottom of the 4th over - 1 run, 2 hits, 0 errors, 1 left on base; Florida State 6 - Oregon 1 |
TOP OF THE 5TH |
Florida State Seminoles batting - Pitching for Oregon Ducks : RHP Jamarius Pepulim
|
Batting: LHB Lamar Wilson
|
0-0: Called Strike 0-1: Ball 1-1: Ground out 4-3 (Groundball, 4, EV 90.6 MPH)
|
Batting: RHB Corvin Bartlett
|
0-0: Swinging Strike 0-1: Ball 1-1: Ground out 6-3 (Groundball, 6, EV 77.5 MPH)
|
Batting: RHB Andy Hahn
|
0-0: Ball 1-0: Ball 2-0: Foul Ball, location: 2F 2-1: Ball 3-1: Foul Ball, location: 2F 3-2: Base on Balls
|
Batting: RHB Andy Charles
|
0-0: SINGLE (Line Drive, 8LS, EV 109.4 MPH) Andy Hahn to second
|
Batting: RHB Kyle Christie
|
0-0: Ball 1-0: Ground out 4-3 (Groundball, 4, EV 88.1 MPH)
|
Top of the 5th over - 0 runs, 1 hit, 0 errors, 2 left on base; Florida State 6 - Oregon 1 |
BOTTOM OF THE 5TH |
Oregon Ducks batting - Pitching for Florida State Seminoles : RHP Chase Crawley
|
Batting: RHB Marcus Bruhn
|
0-0: Called Strike 0-1: Ground out 6-3 (Groundball, 6, EV 88.1 MPH)
|
Batting: RHB Dave Richardson
|
0-0: Called Strike 0-1: Called Strike 0-2: Ball 1-2: Foul Ball, location: 2F 1-2: Ball 2-2: Ball 3-2: Base on Balls
|
Batting: RHB Davell Danton
|
0-0: Foul Ball, location: 2F 0-1: Swinging Strike 0-2: Ball 1-2: Foul Ball, location: 2F 1-2: Foul Ball, location: 2F 1-2: Ball 2-2: SINGLE (Line Drive, 8LS, EV 105.6 MPH) Dave Richardson to second
|
Batting: RHB Brock Roberts
|
0-0: Ball 1-0: Fly out, F9 (Flyball, 89S, EV 91.2 MPH)
|
Batting: LHB Chase Chamberlain
|
0-0: Fly out, F7 (Flyball, 7D, EV 92.5 MPH)
|
Bottom of the 5th over - 0 runs, 1 hit, 0 errors, 2 left on base; Florida State 6 - Oregon 1 |
TOP OF THE 6TH |
Florida State Seminoles batting - Pitching for Oregon Ducks : RHP Jamarius Pepulim
|
Batting: RHB Jaime Klutts
|
0-0: Ball 1-0: Ball 2-0: Ball 3-0: Called Strike 3-1: Called Strike 3-2: Foul Ball, location: 2F 3-2: Fly out, F9 (Line Drive, 9LM, EV 100.0 MPH)
|
Batting: LHB Cody Ward
|
0-0: Ball 1-0: Called Strike 1-1: Called Strike 1-2: Ball 2-2: Fly out, F8 (Flyball, 8LM, EV 88.8 MPH)
|
Batting: RHB Brody Scherer
|
0-0: Foul Ball, location: 2F 0-1: Ball 1-1: Foul Ball, location: 2F 1-2: Strikes out looking
|
Top of the 6th over - 0 runs, 0 hits, 0 errors, 0 left on base; Florida State 6 - Oregon 1 |
BOTTOM OF THE 6TH |
Oregon Ducks batting - Pitching for Florida State Seminoles : RHP Chase Crawley
|
Batting: SHB Cameron Dow
|
0-0: Ball 1-0: Foul Ball, location: 2F 1-1: Ground out 6-3 (Groundball, 6D, EV 107.5 MPH)
|
Batting: RHB Cody Schummer
|
0-0: Ball 1-0: Swinging Strike 1-1: Called Strike 1-2: Ball 2-2: Ball 3-2: Ground out 5-3 (Groundball, 56, EV 105.0 MPH)
|
Batting: LHB Wyatt DeFeo
|
0-0: Called Strike 0-1: SOLO HOME RUN (Flyball, 89XD, EV 109.4 MPH), Distance : 427 ft
|
Batting: RHB Leon Banks
|
0-0: Ball 1-0: Swinging Strike 1-1: Ground out 4-3 (Groundball, 4, EV 88.1 MPH)
|
Bottom of the 6th over - 1 run, 1 hit, 0 errors, 0 left on base; Florida State 6 - Oregon 2 |
TOP OF THE 7TH |
Florida State Seminoles batting - Pitching for Oregon Ducks : RHP Jamarius Pepulim
|
Pitching: RHP Jakob Taddonio
|
|
Batting: RHB Derek Riley
|
0-0: Called Strike 0-1: Ball 1-1: Called Strike 1-2: Ball 2-2: Ball 3-2: Base on Balls
|
Batting: LHB Lamar Wilson
|
0-0: Ball Derek Riley steals 2nd base 1-0: Ball 2-0: Called Strike 2-1: 2-RUN HOME RUN (Flyball, 9D, EV 98.8 MPH), Distance : 390 ft
|
Batting: RHB Corvin Bartlett
|
0-0: Called Strike 0-1: Called Strike 0-2: Ball 1-2: Strikes out swinging
|
Batting: RHB Andy Hahn
|
0-0: Foul Ball, location: 2F 0-1: Foul Ball, location: 2F 0-2: Strikes out swinging
|
Batting: RHB Andy Charles
|
0-0: Ball 1-0: Called Strike 1-1: Ball 2-1: Ball 3-1: Foul Ball, location: 2F 3-2: Base on Balls
|
Batting: RHB Kyle Christie
|
0-0: Ball 1-0: Called Strike 1-1: Called Strike 1-2: Strikes out looking
|
Top of the 7th over - 2 runs, 1 hit, 0 errors, 1 left on base; Florida State 8 - Oregon 2 |
BOTTOM OF THE 7TH |
Oregon Ducks batting - Pitching for Florida State Seminoles : RHP Chase Crawley
|
Batting: RHB Marcus Bruhn
|
0-0: Swinging Strike 0-1: Ball 1-1: SINGLE (Line Drive, 7S, EV 98.1 MPH)
|
Pitching: LHP Brooks Loving
|
|
Batting: RHB Dave Richardson
|
0-0: Called Strike 0-1: Foul Ball, location: 2F 0-2: Grounds into double play, 6-4-3 (Groundball, 6, EV 85.6 MPH)
|
Batting: RHB Davell Danton
|
0-0: Ball 1-0: Ball 2-0: Called Strike 2-1: Foul Ball, location: 2F 2-2: Ball 3-2: Base on Balls
|
Batting: RHB Brock Roberts
|
0-0: Ball 1-0: Ball 2-0: Ball 3-0: Base on Balls Davell Danton to second
|
Batting: LHB Chase Chamberlain
|
0-0: Called Strike 0-1: Ball 1-1: Fly out, F8 (Line Drive, 8RD, EV 104.4 MPH)
|
Bottom of the 7th over - 0 runs, 1 hit, 0 errors, 2 left on base; Florida State 8 - Oregon 2 |
TOP OF THE 8TH |
Florida State Seminoles batting - Pitching for Oregon Ducks : RHP Jakob Taddonio
|
Batting: RHB Jaime Klutts
|
0-0: Called Strike 0-1: Called Strike 0-2: Strikes out swinging
|
Batting: LHB Cody Ward
|
0-0: Ball 1-0: Ball 2-0: Fly out, F7 (Flyball, 7S, EV 86.2 MPH)
|
Batting: RHB Brody Scherer
|
0-0: Foul Ball, location: 2F 0-1: Ball 1-1: Fly out, F8 (Flyball, 8LD, EV 101.9 MPH)
|
Top of the 8th over - 0 runs, 0 hits, 0 errors, 0 left on base; Florida State 8 - Oregon 2 |
BOTTOM OF THE 8TH |
Oregon Ducks batting - Pitching for Florida State Seminoles : LHP Brooks Loving
|
Batting: SHB Cameron Dow
|
0-0: SINGLE (Line Drive, 8RS, EV 110.0 MPH)
|
Batting: RHB Cody Schummer
|
0-0: Ball 1-0: Ball 2-0: Called Strike 2-1: Called Strike 2-2: Strikes out looking
|
Pinch Hitting: RHB Jamel McKoy
|
0-0: Reached on error, E5 (Groundball, 56, EV 86.9 MPH) Cameron Dow to second
|
Batting: RHB Leon Banks
|
0-0: DOUBLE (Flyball, 8RXD, EV 110.0 MPH) Cameron Dow scores Jamel McKoy to third
|
Batting: RHB Marcus Bruhn
|
0-0: Ball 1-0: 3-RUN HOME RUN (Flyball, 7LD, EV 100.0 MPH), Distance : 360 ft
|
Pitching: RHP Al O'Hara
|
|
Now at 3B: Travis Osborne
|
|
Batting: RHB Dave Richardson
|
0-0: Called Strike 0-1: Swinging Strike 0-2: Strikes out looking
|
Batting: RHB Davell Danton
|
0-0: Foul Ball, location: 2F 0-1: Swinging Strike 0-2: Ball 1-2: Ball 2-2: Ball 3-2: Foul Ball, location: 2F 3-2: SINGLE (Groundball, 6M, EV 95.6 MPH) (infield hit)
|
Batting: RHB Brock Roberts
|
0-0: Ball 1-0: Foul Ball, location: 2F 1-1: Fly out, F9 (Flyball, 9, EV 83.1 MPH)
|
Bottom of the 8th over - 4 runs, 4 hits, 1 error, 1 left on base; Florida State 8 - Oregon 6 |
TOP OF THE 9TH |
Florida State Seminoles batting - Pitching for Oregon Ducks : RHP Jakob Taddonio
|
Now in LF: Jamel McKoy
|
|
Pinch Hitting: SHB Isaac Gardner
|
0-0: Called Strike 0-1: Ground out 1-3 (Groundball, 13S, EV 72.5 MPH)
|
Batting: LHB Lamar Wilson
|
0-0: Called Strike 0-1: Foul Ball, location: 2F 0-2: Strikes out swinging
|
Batting: RHB Corvin Bartlett
|
0-0: Called Strike 0-1: Called Strike 0-2: Foul Ball, location: 2F 0-2: Ball 1-2: SINGLE (Groundball, 6MD, EV 102.5 MPH)
|
Pitching: RHP Conner Glass
|
|
Batting: RHB Andy Hahn
|
0-0: Called Strike 0-1: Ball 1-1: Ball 2-1: Ground out 4-3 (Groundball, 4, EV 78.8 MPH)
|
Top of the 9th over - 0 runs, 1 hit, 0 errors, 1 left on base; Florida State 8 - Oregon 6 |
BOTTOM OF THE 9TH |
Oregon Ducks batting - Pitching for Florida State Seminoles : RHP Al O'Hara
|
Pitching: RHP Jesse Henry
|
|
Now at 2B: Ernie Argueta
|
|
Batting: LHB Chase Chamberlain
|
0-0: Ball 1-0: Called Strike 1-1: Called Strike 1-2: Strikes out swinging
|
Batting: SHB Cameron Dow
|
0-0: Called Strike 0-1: Swinging Strike 0-2: SOLO HOME RUN (Flyball, 78XD, EV 112.5 MPH), Distance : 433 ft
|
Batting: RHB Cody Schummer
|
0-0: Ball 1-0: Ball 2-0: SINGLE (Line Drive, 56, EV 96.9 MPH)
|
Batting: RHB Jamel McKoy
|
0-0: Swinging Strike 0-1: Foul Ball, location: 2F 0-2: Ball 1-2: Foul Ball, location: 2F 1-2: Strikes out looking
|
Batting: RHB Leon Banks
|
0-0: Ball Wild Pitch! Cody Schummer to second 1-0: Ground out 4-3 (Groundball, 34, EV 96.9 MPH)
|
Bottom of the 9th over - 1 run, 2 hits, 0 errors, 1 left on base; Florida State 8 - Oregon 7 |
|